 Dungeon Crawl Stone Soup version 0.27-a0-385-g3208abaabc (webtiles) character file.

Game seed: 11322694629858694805

628 HoaS the Gouger (level 7, -2/36 HPs)
             Began as a Felid Monk on Feb 15, 2021.
             Slain by a hound (5 damage)
             ... on level 7 of the Dungeon on Feb 18, 2021.
             The game lasted 00:20:10 (10537 turns).

HoaS the Gouger (Felid Monk)                       Turns: 10537, Time: 00:20:10

Health: -2/36      AC:  2    Str:  7    XL:     7   Next: 23%
Magic:  8/8        EV: 30    Int: 11    God:
Gold:   295        SH:  0    Dex: 28    Spells: 6/6 levels left
                                        Lives:  0   Deaths: 2

rFire    . . .     SeeInvis +     - Unarmed
rCold    . . .     Faith    .   (shield unavailable)
rNeg     . . .     Spirit   .   (armour unavailable)
rPois    .         Reflect  .   (helmet unavailable)
rElec    .         Harm     .   (cloak unavailable)
rCorr    .         Rampage  .   (gloves unavailable)
Will     +....                  (boots unavailable)
Stlth    +++.......             (no amulet)
HPRegen  0.12/turn              i - +6 ring of dexterity
MPRegen  0.11/turn              (no ring)

@: quick
A: very small, no armour, no weapons or thrown items, stealth, claws 1, fangs 3,
see invisible, speed 1, shaggy fur 2, sharp paws
a: no special abilities


You were on level 7 of the Dungeon.
You visited 1 branch of the dungeon, and saw 7 of its levels.

You collected 295 gold pieces.

Inventory:

Jewellery
 c - the ring "Qekargh" {Ice rElec}
   (You found it on level 4 of the Dungeon)

   [ring of ice]

   It enhances your ice magic.
   It makes you vulnerable to fire.
   It protects you from cold.
   It insulates you from electricity.
 i - a +6 ring of dexterity (left paw)
 o - a ring of resist corrosion {unknown}
 q - a ring of protection from fire {unknown}
Wands
 k - a wand of paralysis (7)
 r - a wand of polymorph (5)
Scrolls
 b - 3 scrolls of blinking
 e - 2 scrolls of identify
 l - 4 scrolls of fog
 n - a scroll of teleportation
Potions
 a - 2 potions of lignification
 d - a potion of mutation
 f - a potion of magic
 g - 2 potions of haste
 h - 2 potions of curing {unknown}
 j - 2 potions of heal wounds {unknown}
 m - a potion of attraction {unknown}
 p - a potion of flight {unknown}


   Skills:
 + Level 7.0 Fighting
 - Level 8.5 Dodging
 - Level 2.6 Stealth
 * Level 9.5 Unarmed Combat


You had 6 spell levels left.
You didn't know any spells.
Your spell library was empty.

Dungeon Overview and Level Annotations

Branches:
Dungeon (7/15)
 Temple: D:4-7

Altars:
Hepliaklqana
Qazlal
Trog
Vehumet
Wu Jian
Xom

Shops:
D:5 [


Innate Abilities, Weirdness & Mutations

You cannot wear armour.
You are incapable of wielding weapons or throwing items.
Your paws allow you to move quietly. (Stealth)
You have sharp claws.
You have razor-sharp teeth.
You have supernaturally acute eyesight. (SInv)
You cover ground quickly.
You are covered in thick fur. (AC +2)
Your sharp claws are effective at attacking unaware monsters.


Message History

The white imp shouts, "Away with thee, thou weedy dizzy-eyed pumpion!"
The hound bites you. The hound completely misses you. The hound misses you.
The hound closely misses you. The hound misses you.
The hound completely misses you. The hound bites you.
The hound completely misses you. The hound bites you. The hound misses you.
The hound bites you.
* * * LOW HITPOINT WARNING * * *
The hound completely misses you. The hound completely misses you.
The hound closely misses you. The hound completely misses you.
The hound completely misses you. The hound bites you.
* * * LOW HITPOINT WARNING * * *
The white imp laughs crazily.
The hound misses you. The hound completely misses you.
The hound completely misses you. The hound closely misses you.
The hound completely misses you. The hound closely misses you.
The hound completely misses you. The hound completely misses you.
The hound bites you.
* * * LOW HITPOINT WARNING * * *
The hound closely misses you. The hound completely misses you.
The hound barely misses you. The hound closely misses you.
The hound closely misses you.
The hound pauses to sniff the ground.
The hound completely misses you. The hound misses you. The hound misses you.
The hound completely misses you. x2
The hound completely misses you. The hound bites you.
* * * LOW HITPOINT WARNING * * *
The hound misses you. The hound misses you. The hound closely misses you.
The hound bites you.
You die...

#..O† #^.... ⌠
....###. .> ... ..
.. # ### #. #⌠
.####.######
.....5h@...#######
##########........
#########


You could see a hound and a white imp.

Vanquished Creatures
  Pikel (D:6)
  2 yaks
  Menkaure (D:5)
  3 ogres
  A necrophage (D:6)
  A lemure (D:6)
  A gnoll sergeant (D:4)
  A scorpion (D:4)
  3 wights
  A bullfrog zombie (D:6)
  4 crimson imps
  A gnoll shaman (D:4)
  A hound (D:3)
  An orc priest (D:6)
  Terence (D:2)
  3 orc wizards
  3 worker ants
  A hound skeleton (D:6)
  42 gnolls
  8 adders
  A white imp (D:5)
  An adder skeleton (D:4)
  5 worms
  5 leopard geckos
  11 orcs
  2 giant cockroaches
  8 goblins
  2 hobgoblins (D:1)
  23 jackals
  4 kobolds
  2 quokkas
  3 bats
  9 frilled lizards
  6 rats
162 creatures vanquished.

Vanquished Creatures (others)
  8 plants (D:1)
8 creatures vanquished.

Grand Total: 170 creatures vanquished

Notes
Turn   | Place    | Note
-------+----------+-------------------------------------------
     0 | D:1      | HoaS the Felid Monk began the quest for the Orb.
     0 | D:1      | Reached XP level 1. HP: 10/10 MP: 2/2
   736 | D:1      | Reached XP level 2. HP: 14/14 MP: 3/3
  1178 | D:2      | Noticed Terence
  1574 | D:1      | Reached XP level 3. HP: 11/17 MP: 4/4
  1944 | D:2      | Reached skill level 4 in Unarmed Combat
  2245 | D:2      | Killed Terence
  2246 | D:2      | Reached XP level 4. HP: 14/21 MP: 5/5
  2854 | D:2      | Reached skill level 5 in Dodging
  3040 | D:3      | Reached XP level 5. HP: 23/25 MP: 6/6
  4045 | D:4      | Found a shimmering altar of Xom.
  4073 | D:3      | Reached skill level 5 in Unarmed Combat
  4235 | D:3      | Gained mutation: You are covered in thick fur. (AC +2)
                  | [Felid growth]
  4235 | D:3      | Reached XP level 6. HP: 4/28 MP: 7/7
  5050 | D:4      | Got a slimy silver ring
  5064 | D:4      | Found a radiant altar of Vehumet.
  5064 | D:4      | Found a stormy altar of Qazlal.
  5130 | D:4      | Found a hazy altar of Hepliaklqana.
  5130 | D:4      | Found a bloodstained altar of Trog.
  5131 | D:4      | Found an ornate altar of the Wu Jian Council.
  5182 | D:4      | Reached skill level 6 in Unarmed Combat
  5316 | D:4      | Reached XP level 7. HP: 33/33 MP: 8/8
  5628 | D:4      | Reached skill level 5 in Fighting
  6324 | D:4      | Identified the ring "Qekargh" {Ice rElec} (You found it on
                  | level 4 of the Dungeon)
  6385 | D:4      | Reached skill level 7 in Unarmed Combat
  7009 | D:4      | Reached XP level 8. HP: 37/37 MP: 9/9
  7525 | D:5      | Entered Level 5 of the Dungeon
  7598 | D:5      | Found Ustrimil's Armour Emporium.
  7900 | D:5      | Noticed Menkaure
  7903 | D:5      | Killed Menkaure
  8401 | D:6      | Reached skill level 8 in Unarmed Combat
  9706 | D:6      | Noticed Pikel
  9745 | D:6      | Killed Pikel
  9746 | D:6      | Reached skill level 9 in Unarmed Combat
  9746 | D:6      | Reached XP level 9. HP: 26/42 MP: 10/10
 10368 | D:5      | Demolished by a yak
 10369 | D:5      | Reached XP level 8. HP: -14/40 MP: 9/9
 10370 | D:5      | Upgraded the game from 0.27-a0-346-ga689d4a613 to
                  | 0.27-a0-385-g3208abaabc
 10452 | D:7      | Slain by an ogre
 10453 | D:7      | Reached XP level 7. HP: -2/36 MP: 8/8
 10537 | D:7      | Slain by a hound

Illustrated notes

Levels and vault maps discovered:
D:1:      kennysheep_arrival_seaside, layout_basic, kennysheep_doodads,
          st_stairs_6, minmay_misc_feat_five, hangedman_decor_points,
          serial_bayou_lake_a
D:2:      layout_rooms, chequers_serial_rivers_micro_a, uniq_terence
D:3:      layout_basic, serial_rivers, chequers_serial_rivers_large_a,
          chequers_serial_rivers_room_a, chequers_serial_rivers_small_3,
          chequers_serial_rivers_micro_a
D:4:      lemuel_castle_with_subvaults [lemuel_castle_interior_carwin_1],
          layout_cave_pools, grunt_temple_overflow_open, led_xom_imps
D:5:      layout_loops_corners, serial_shops, shop, uniq_menkaure
D:6:      layout_layer_cave, uniq_pikel
D:7:      layout_rooms, marbit_many_paths,
          minmay_temple_entry_statues_fountains, grunt_ministairs_8,
          corexii_item_surrounded_by_moat

Skill      XL: |  1  2  3  4  5  6  7  8  9 |
---------------+----------------------------+-----
Unarmed Combat | 4 5 6 7 9 |  9.5
Dodging        | 5 6 7 8 |  8.5
Fighting       | 4 5 6 7 |  7.0
Stealth        | |  2.6

Action                   |  1- 3 |  4- 6 |  7- 9 || total
-------------------------+-------+-------+-------++-------
Melee: Unarmed           |   103 |   198 |   396 ||   697
       Bite              |    14 |    18 |    49 ||    81
       Punch             |     1 |     6 |    26 ||    33
  Use: Scroll            |     5 |     8 |     2 ||    15
       Potion            |       |     1 |     1 ||     2
 Stab: Sleeping          |     9 |     7 |     5 ||    21
       Distracted        |     2 |       |     1 ||     3
Armor: Skin              |       |     4 |     9 ||    13
Dodge: Dodged            |    78 |   154 |   425 ||   657

Table legend: (Time is in decaauts)
 A = Elapsed time spent in this place.
 B = Non-inter-level travel time spent in this place.
 C = Inter-level travel time spent in this place.
 D = Time resting spent in this place.
 E = Time spent auto-exploring this place.
 F = Levels seen in this place.
 G = Mean time per level.
                   A        B        C        D        E       F      G
               +--------+--------+--------+--------+--------+-----+--------+
         Total |   9507 |   9354 |    153 |   4406 |   3076 |   7 | 1358.1 |
       Dungeon |   9507 |   9354 |    153 |   4406 |   3076 |   7 | 1358.1 |
               +--------+--------+--------+--------+--------+-----+--------+

Top non-repeatable levels by time:
     D:4: 2745 daAuts
     D:6: 1572 daAuts
     D:1: 1491 daAuts
     D:3: 1426 daAuts
     D:2: 1198 daAuts
     D:5: 966 daAuts
     D:7: 106 daAuts
